 Dungeon Crawl Stone Soup version 0.30.1-4-g462c640d31 (webtiles) character file.

Game seed: 14619768540670587229

454 LynnLen the Sneak (level 6, -6/30 HPs)
             Began as a Spriggan Enchanter on Sept 15, 2023.
             Mangled by a mummy (14 damage)
             ... in an ossuary.
             The game lasted 00:15:44 (3815 turns).

LynnLen the Sneak (Spriggan Enchanter)              Turns: 3815, Time: 00:15:45

Health: -6/30      AC:  2    Str: 10    XL:     6   Next: 76%
Magic:  8/13       EV: 18    Int: 19    God:
Gold:   189        SH:  0    Dex: 15    Spells: 5/13 levels left

rFire   . . .        w - +2 dagger (venom)
rCold   . . .        (no shield)
rNeg    + . .        b - +0 robe
rPois   .            (helmet restricted)
rElec   .            (no cloak)
rCorr   .            (gloves unavailable)
SInv    +            (boots unavailable)
Will    +....        (no amulet)
Stlth   +++          d - ring of positive energy
HPRegen 0.25/turn    p - +6 ring of strength
MPRegen 0.13/turn

%: no passive effects
@: very quick
A: very small, no large weapons, unfitting armour, see invisible, speed 3
a: no special abilities


You were in an ossuary.
You visited 1 branch of the dungeon, and saw 4 of its levels.
You also visited: Ossuary.

You collected 189 gold pieces.

Inventory:

Hand Weapons
 a - a +1 dagger
 n - a +2 short sword of speed
 w - a +2 dagger of venom (weapon)
Armour
 b - a +0 robe (worn)
Jewellery
 d - a ring of positive energy (left hand)
 e - a ring of ice
 p - a +6 ring of strength (right hand)
Wands
 t - a wand of iceblast (8)
Scrolls
 i - a scroll of silence {unknown}
 l - a scroll of amnesia
 o - 2 scrolls of poison {unknown}
 u - a scroll of enchant armour {unknown}
 v - 2 scrolls of identify
 x - a scroll of enchant weapon {unknown}
 y - a scroll of fog {unknown}
 z - 2 scrolls of blinking {unknown}
 B - 2 scrolls of fear {unknown}
 C - 2 scrolls of summoning {unknown}
Potions
 c - 2 potions of invisibility
 f - 2 potions of mutation
 g - 3 potions of curing
 h - 2 potions of cancellation {unknown}
 j - a potion of might {unknown}
 k - a potion of haste {unknown}
 m - a potion of resistance {unknown}
 q - a potion of flight {unknown}
 r - a potion of berserk rage {unknown}
 s - 2 potions of heal wounds {unknown}
 A - 2 potions of brilliance {unknown}


   Skills:
 + Level 1.5 Fighting
 + Level 2.4 Short Blades
 + Level 4.0 Dodging
 + Level 5.7 Stealth
 + Level 4.0 Spellcasting
 * Level 5.4 Hexes
 * Level 2.5 Ice Magic


You had 5 spell levels left.
You knew the following spells:

 Your Spells              Type           Power      Damage    Failure   Level
a - Ensorcelled Hibernat  Hex/Ice        36%        N/A       4%          2
b - Confusing Touch       Hex            24%        N/A       4%          3
c - Tukima's Dance        Hex            24%        N/A       4%          3

Your spell library contained the following spells:

 Spells                   Type           Power      Damage    Failure   Level
 Dazzling Flash           Conj/Hex       28%        N/A       14%         3
 Spider Form              Tmut/Pois      3%         N/A       38%         3
 Anguish                  Hex/Necr       7%         N/A       41%         4


Dungeon Overview and Level Annotations

Branches:
Dungeon (4/15)            Ossuary (1/1)
 Temple: D:4-7

Altars:
Vehumet

Shops:
D:2 *

Annotations:
D:3 exclusion: statue


Innate Abilities, Weirdness & Mutations

You are very small and have problems with some larger weapons.
You are too small for most types of armour.
You have supernaturally acute eyesight. (SInv)
You cover ground extremely quickly. (Speed+++)


Message History

The mummy is heavily damaged.
The mummy completely misses you.
You hit the mummy.
The mummy is severely damaged.
You strike the helpless mummy from behind!
You impale the mummy!!
You destroy the mummy!
A mummy comes into view.
Casting: Confusing Touch (dangerous; 4% risk of failure)
Press: ? - help, Q - select action, (/) - cycle Dir - look around, f - activate Your hands begin to glow red.
The mummy hits you!
* * * LOW HITPOINT WARNING * * *
The mummy closely misses you.
You hit the mummy but do no damage.
The mummy appears confused.
You hit the mummy but do no damage. The mummy closely misses you.
A mummy opens the door.
A gnoll zombie comes into view.
You hit the mummy but do no damage.
You catch the helpless mummy completely off-guard!
You puncture the mummy!
The mummy is severely damaged.
The mummy misses you.
You barely miss the gnoll zombie. The gnoll zombie barely misses you.
You hit the gnoll zombie.
The gnoll zombie is lightly damaged.
You hit the gnoll zombie.
The gnoll zombie is moderately damaged.
The gnoll zombie misses you.
You hit the gnoll zombie.
The gnoll zombie is severely damaged.
The gnoll zombie hits you.
* * * LOW HITPOINT WARNING * * *
You hit the gnoll zombie.
The gnoll zombie is almost destroyed.
The mummy hits the mummy but does no damage.
You hit the gnoll zombie.
You destroy the gnoll zombie!
The mummy hits you!
You die...

.# ###+### #.# .##
##...^.## ##.+
..###...^...###..#
...#.....^...#...+
...'....⌠....'...#
...#........^#.M.'
..###.......###..###
.## ##....^## ##M'.#
.# ###'### #@# .##
#.# ##.## ..# ##.##
#.!!# !.# #.∩.#
#.??# ### #.∩.#
##### #####


You could see 2 mummies.

Vanquished Creatures
  A bullfrog (D:4)
  A scorpion (D:3)
  2 human zombies (D:4)
  Ijyb (D:3)
  Natasha (thrice) (D:3)
  3 mummies (Ossuary)
  Robin (D:2)
  2 adders
  An ufetubus (D:4)
  A worm (D:4)
  2 dart slugs
  2 orcs
  6 bats
  3 endoplasms
  2 gnoll zombies (Ossuary)
  10 goblins
  8 hobgoblins
  2 jackals (D:2)
  7 kobolds
  3 quokkas (D:1)
  9 ball pythons
  5 frilled lizards
  A goblin zombie (Ossuary)
  2 hobgoblin zombies (Ossuary)
  An orc skeleton (D:4)
  An orc zombie (Ossuary)
  2 rats (D:1)
82 creatures vanquished.

Vanquished Creatures (collateral kills)
  Terence (D:3)
1 creature vanquished.

Grand Total: 83 creatures vanquished

Notes
Turn   | Place    | Note
-------+----------+-------------------------------------------
     0 | D:1      | LynnLen the Spriggan Enchanter began the quest for the Orb.
     0 | D:1      | Reached XP level 1. HP: 9/9 MP: 5/5
   305 | D:1      | Reached XP level 2. HP: 13/13 MP: 6/6
   308 | D:1      | Learned a level 2 spell: Ensorcelled Hibernation
   309 | D:1      | Found a faded altar of an unknown god.
   467 | D:1      | You fall into a shaft and drop 1 floor!
   569 | D:2      | Noticed Robin
   647 | D:2      | Reached XP level 3. HP: 15/17 MP: 6/8
  1014 | D:1      | Reached skill level 1 in Ice Magic
  1197 | D:2      | Learned a level 3 spell: Confusing Touch
  1201 | D:2      | Learned a level 3 spell: Tukima's Dance
  1554 | D:2      | Killed Robin
  1753 | D:2      | Found Udwocaek's Assorted Antiques.
  1791 | D:2      | Reached XP level 4. HP: 21/21 MP: 9/9
  1988 | D:3      | Noticed a scorpion
  2001 | D:3      | Killed a scorpion
  2002 | D:3      | Reached skill level 5 in Stealth
  2184 | D:3      | Noticed Terence
  2205 | D:3      | Noticed Natasha
  2222 | D:3      | Killed Terence
  2223 | D:3      | Reached XP level 5. HP: 24/25 MP: 6/11
  2339 | D:3      | Reached skill level 1 in Fighting
  2391 | D:3      | Noticed Ijyb
  2409 | D:3      | Killed Ijyb
  2486 | D:3      | Killed Natasha
  2491 | D:3      | Noticed Natasha
  2499 | D:3      | Killed Natasha
  2726 | D:3      | Noticed Natasha
  2732 | D:3      | Killed Natasha
  2733 | D:3      | Reached XP level 6. HP: 27/30 MP: 7/12
  2785 | D:3      | Found a radiant altar of Vehumet.
  3003 | D:4      | Reached skill level 5 in Hexes
  3602 | D:4      | Found a sand-covered staircase.
  3623 | Ossuary  | Entered an ossuary
  3815 | Ossuary  | Mangled by a mummy

Illustrated notes

Levels and vault maps discovered:
D:1:      nzn_arrival_settlement, layout_loops_cross,
          hellmonk_ecumenical_altar_run_dry
D:2:      layout_basic, serial_shops, nicolae_shop_hallway_stairs,
          hangedman_glass_teeth, uniq_robin
D:3:      layout_rooms, vehumet_statue, saegor_snake_ambush, uniq_terence,
          uniq_ijyb, uniq_natasha
D:4:      layout_loops_ring, nicolae_ossuary_entry_catacombs, feat_on_display
Ossuary:  ossuary_crypta

Skill      XL: |  1  2  3  4  5  6 |
---------------+-------------------+-----
Hexes          | 4 5 |  5.4
Spellcasting   | 3 4 |  4.0
Ice Magic      | 1 2 |  2.5
Dodging        | 3 4 |  4.0
Stealth        | 5 |  5.7
Fighting       | 1 |  1.5
Short Blades   | 2 |  2.4

Action                     |  1- 3 |  4- 6 || total
---------------------------+-------+-------++-------
  Melee: Dagger            |   133 |    96 ||   229
         Punch             |     4 |     1 ||     5
         Short sword       |     2 |    74 ||    76
   Cast: Ensorcelled Hiber |     8 |    13 ||    21
         Tukima's Dance    |       |     1 ||     1
         Confusing Touch   |       |     7 ||     7
    Use: Scroll            |     2 |       ||     2
         Potion            |       |     1 ||     1
   Stab: Sleeping          |    16 |    21 ||    37
         Distracted        |     1 |       ||     1
         Confused          |       |     7 ||     7
 Armour: Robe              |    11 |     9 ||    20
  Dodge: Dodged            |    86 |    86 ||   172
